Unix xNetHack Version 8.0.0 - last build Jan 14 2024 16:46:22 (be4d3c81716514284228e1a23197c27ddb32b841). Game began 2024-01-19 13:09:46, ended 2024-01-23 13:42:27. breadmaster, lawful female human Priestess -- --.-- |..(.- -- --....--.- -- .- |.........--.--. -.............. -----............-- .................------ -..............| --.>..--.| .....| .....|d.| - ...| -...|@-- .| --.G.| |..G-- |G.-- |..| |..| --..| |...| --<-- --- Breadmaster the Aspirant St:11 Dx:9 Co:13 In:16 Wi:16 Ch:11 Lawful S:244 Dlvl:4 $:34 HP:0(14) Pw:7(7) AC:6 Xp:1/15 T:818 Latest messages: You see here a stone statue of a lichen. You see here a scroll labeled PRIRUTSENIE. q - a scroll labeled PRIRUTSENIE {5}. You see here an emerald potion. r - an emerald potion {20}. You swap places with your little dog. You descend the stairs. You see here a stone statue of a newt. The little dog picks up a gold piece. You see here 3 gold pieces. $ - 3 gold pieces {0} (24 in total). The little dog drops a gold piece. You see here a gold piece. $ - a gold piece {0} (25 in total). You see here 5 gold pieces. $ - 5 gold pieces {0} (30 in total). You see here a dagger. s - a dagger {10}. You destroy the gnome zombie! The little dog bites the goblin. The goblin is killed! $ - 4 gold pieces {0} (34 in total). You swap places with your little dog. You feel tougher! You must have been leading a healthy life-style. You hear bubbling water. You swap places with your little dog. You swap places with your little dog. With great effort you move the boulder. You descend the stairs. You see here a green gem. t - a green gem {1}. The gnome shoots 2 crossbow bolts! You are hit by the 1st crossbow bolt. The 2nd crossbow bolt misses you. The little dog misses it. You see here a bubbly potion. u - a bubbly potion {20}. The gnome shoots 2 crossbow bolts! The 1st crossbow bolt misses the little dog. You are hit by the 1st crossbow bolt. The 2nd crossbow bolt misses the little dog. You are hit by the 2nd crossbow bolt. The little dog picks up a crossbow bolt. The gnome shoots 2 crossbow bolts! You are hit by the 1st crossbow bolt. You are hit by the 2nd crossbow bolt. You die... Do you want your possessions identified? [ynq] (y) n Do you want to see your attributes? [ynq] (y) q Inventory: Inventory: 450/650 weight (21/52 slots) Coins $ - 34 gold pieces {1} Weapons s - a +0 dagger {10} a - a blessed +1 mace (weapon in hand) {30} Armor l - a blessed +0 orcish helm (being worn) {23} c - a +0 small shield (being worn) {23} b - a +0 robe (being worn) {12} Comestibles n - a banana {2} e - 2 cloves of garlic {2} k - a food ration {20} f - a sprig of wolfsbane {1} o - 2 lichen corpses {40} Scrolls q - a scroll of destroy armor {5} p - a scroll of identify {5} Spellbooks i - a spellbook of confuse monster {40} m - a spellbook of detect monsters {45} h - a spellbook of light {35} g - a spellbook of protection {35} Potions r - a potion of booze {20} u - a potion of sickness {20} d - 4 potions of holy water {80} Gems/Stones t - a worthless piece of green glass {1} j - a worthless piece of violet glass {1} Breadmaster the Priestess's attributes: Background: You were an Aspirant, a level 1 human Priestess. You were lawful, on a mission for Mitra who was opposed by Crom (neutral) and Set (chaotic). You were heterosexual. You were in the Gnomish Mines, on level 4. You entered the dungeon 818 turns ago. You had 15 experience points, 5 more were needed to attain level 2. Your score was 244 before end-of-game adjustments. Basics: You had 0 out of 14 hit points. You had all 7 energy points (spell power). Your armor class was 6. Your wallet contained 34 zorkmids. Autopickup was off. Final Characteristics: Your strength was 11 (limit:18/100). Your dexterity was 9 (limit:18). Your constitution was 13 (limit:18). Your intelligence was 16 (limit:18). Your wisdom was 16 (limit:18). Your charisma was 11 (limit:18). Final Status: You were not hungry. You were unencumbered. You were wielding a mace. You had basic skill with mace. Final Attributes: You were fervently aligned. You were guarded. You are dead. Miscellaneous: You never encountered a bones level. Total elapsed playing time was 43 minutes and 27 seconds. Major events: Turn 1: breadmaster the lawful human Priestess entered the dungeon 802: entered the Gnomish Mines 818: killed by a crossbow bolt Vanquished creatures: a gnome zombie a jackal 3 goblins 4 grid bugs 2 lichens 7 newts 18 creatures vanquished. No species were genocided or became extinct. Voluntary challenges: You were an atheist. You read items or engraved 3 times. You never genocided any monsters. You never polymorphed an object. You never changed form. You never touched an artifact. You used no wishes. You never scared an enemy with impunity. You were celibate. You never generated conflict. Achievement: You entered the Gnomish Mines. Dungeon overview: The Dungeons of Doom: levels 1 to 3 Level 1: Some fountains. Level 2: Some fountains, a sink. Level 3: Some fountains, some sinks. Stairs down to The Gnomish Mines. The Gnomish Mines: Level 4: <- You were here. Final resting place for you, killed by a crossbow bolt. Game over: __________ / \ / REST \ / IN \ / PEACE \ / \ | breadmaster | | 34 Au | | killed by a | | crossbow bolt | | | | | | 2024 | *| * * * | * _________)/\\_//(\/(/\)/\//\/|_)_______ Goodbye breadmaster the Priestess... You died in The Gnomish Mines on dungeon level 4 with 241 points, and 34 pieces of gold, after 818 moves. You were level 1 with a maximum of 14 hit points when you died.